 Dungeon Crawl Stone Soup version 0.25.0-46-gbd7b0854d2 (webtiles) character file.

Game seed: 17793799912007065687

313 Jimbable the Poker (level 6, 0/48 HPs)
             Began as a Merfolk Gladiator on July 16, 2020.
             Succumbed to a scorpion's poison
             ... on level 4 of the Dungeon.
             The game lasted 00:08:15 (4931 turns).

Jimbable the Poker (Merfolk Gladiator)              Turns: 4931, Time: 00:08:15

Health: 0/48       AC:  6    Str: 17    XL:     6   Next: 43%
Magic:  6/6        EV: 15    Int:  7    God:
Gold:   205        SH:  5    Dex: 15    Spells: 5/5 levels left

rFire    + . .     SeeInvis .   a - +0 trident
rCold    x . .     Gourm    .   (no shield)
rNeg     . . .     Faith    .   b - +0 leather armour
rPois    .         Spirit   .   c - +1 helmet
rElec    .         Reflect  +   (no cloak)
rCorr    .         Harm     .   (no gloves)
MR       .....                  (no boots)
Stlth    ++........             l - amulet of reflection
HPRegen  0.16/turn              (no ring)
MPRegen  0.10/turn              s - ring of fire

@: lethally poisoned (0 -> -10), very slightly contaminated, invisible
A: change form in water, swift swim, stealthy swim, rugged brown scales 1,
inhibited regeneration
a: no special abilities


You were on level 4 of the Dungeon.
You were hungry.

You visited 1 branch of the dungeon, and saw 4 of its levels.

You collected 205 gold pieces.

Inventory:

Hand Weapons
 a - a +0 trident (weapon)
 o - a -3 mace
Armour
 b - a +0 leather armour (worn)
 c - a +1 helmet (worn)
Jewellery
 l - an amulet of reflection (around neck)
 s - a ring of fire (right hand)
Scrolls
 e - 2 scrolls of magic mapping
 h - 3 scrolls of identify
 i - a scroll of noise
 m - 3 scrolls of fog
Potions
 r - a potion of invisibility
 t - a potion of stabbing {unknown}
Comestibles
 d - 6 chunks of flesh
 f - 8 rations


   Skills:
 + Level 3.3 Fighting
 + Level 2.1 Maces & Flails
 + Level 6.0 Polearms
 + Level 2.3 Throwing
 + Level 1.5 Armour
 + Level 5.3 Dodging
 + Level 1.1 Stealth


You had 5 spell levels left.
You didn't know any spells.
Your spell library contained the following spells:

 Spells                   Type           Power        Failure   Level  Hunger
 Animate Skeleton         Necr           N/A          50%         1    ##.....
 Pain                     Necr           #...         50%         1    ##.....
 Vampiric Draining        Necr           #.........   86%         3    ####...
 Animate Dead             Necr           N/A          99%         4    #####..
 Agony                    Necr           #.......     100%        5    ######.


Dungeon Overview and Level Annotations

Branches:
Dungeon (4/15)
 Temple: D:4-7

Altars:
Elyvilon
Sif Muna
Vehumet
Yredelemnul

Annotations:
D:2 Sigmund


Innate Abilities, Weirdness & Mutations

You revert to your normal form in water.
You are very nimble and swift while swimming.
You are very stealthy in the water. (Stealth+)
You are partially covered in rugged brown scales. (AC +1, +3% HP)
You do not regenerate when monsters are visible.


Message History

You feel sick. You block the scorpion's attack.
You puncture the scorpion!
You kill the scorpion!
* * * LOW HITPOINT WARNING * * *
You feel sick.
* * * LOW HITPOINT WARNING * * *
You feel sick.
It was a potion of invisibility.
You fade into invisibility!
* * * LOW HITPOINT WARNING * * *
You feel sick.
You are very lightly contaminated with residual magic.
It was a potion of mutation.
You feel extremely strange.
Your regeneration stops near monsters.
Rugged brown scales grow over part of your body.
* * * LOW HITPOINT WARNING * * *
You feel sick.
There is a lethal amount of poison in your body!
It was a potion of magic.
Magic courses through your body.
You die...

#####
##########......
#......=@...#
#.########..#
#.# .# #.# #
#.########
#........#
####.#.#.# ..
#.#.#.# .### ..
#.#.#.. ... ...


There were no monsters in sight!

Vanquished Creatures
  A scorpion (D:4)
  An orc priest (D:3)
  Crazy Yiuf (D:2)
  A worker ant (D:4)
  4 gnolls
  4 adders
  2 oozes (D:1)
  2 worms (D:2)
  3 dart slugs
  3 leopard geckos
  5 orcs (D:3)
  A ball python (D:3)
  6 giant cockroaches
  4 goblins
  9 hobgoblins
  7 jackals
  10 kobolds
  9 bats
  6 frilled lizards
  7 rats
  A spectral orc (D:2)
87 creatures vanquished.

Notes
Turn   | Place    | Note
-------+----------+-------------------------------------------
     0 | D:1      | Jimbable the Merfolk Gladiator began the quest for the Orb.
     0 | D:1      | Reached XP level 1. HP: 16/16 MP: 1/1
   139 | D:1      | Reached XP level 2. HP: 12/23 MP: 2/2
   702 | D:1      | Reached skill level 5 in Polearms
   803 | D:1      | Reached XP level 3. HP: 25/28 MP: 3/3
  1425 | D:2      | Reached XP level 4. HP: 24/34 MP: 4/4
  1618 | D:2      | Found a basalt altar of Yredelemnul.
  1659 | D:2      | Found a runed translucent door.
  1660 | D:2      | Noticed Crazy Yiuf
  1672 | D:2      | Killed Crazy Yiuf
  1672 | D:2      | Reached skill level 6 in Polearms
  1819 | D:2      | Found a shimmering blue altar of Sif Muna.
  1819 | D:2      | Found a radiant altar of Vehumet.
  2121 | D:2      | Reached skill level 1 in Stealth
  2252 | D:2      | Noticed Sigmund
  2647 | D:3      | Reached skill level 1 in Armour
  2739 | D:3      | Reached XP level 5. HP: 27/40 MP: 5/5
  3065 | D:3      | Found a white marble altar of Elyvilon.
  3898 | D:3      | Reached skill level 1 in Maces & Flails
  4245 | D:4      | Reached skill level 5 in Dodging
  4245 | D:4      | Reached XP level 6. HP: 24/47 MP: 6/6
  4929 | D:4      | HP: 2/47 [poisoned by a scorpion]
  4930 | D:4      | Gained mutation: You do not regenerate when monsters are
                  | visible. [potion of mutation]
  4930 | D:4      | Gained mutation: You are partially covered in rugged brown
                  | scales. (AC +1, +3% HP) [potion of mutation]
  4931 | D:4      | Succumbed to a scorpion's poison

Illustrated notes

Levels and vault maps discovered:
D:1:      onia_arrival_pentagram, layout_basic, minmay_pentomino_q4
D:2:      layout_loops_corners, yredelemnul_forgotten_temple_becter,
          nicolae_overflow_hidden_temple, gammafunk_temple_overflow_wave,
          uniq_sigmund, uniq_crazy_yiuf_cottage
D:3:      corexii_shack_village, layout_rooms, nicolae_overflow_crystal_walls
D:4:      layout_basic, gammafunk_temple_overflow_forgotten,
          minmay_temple_entry_trees, gammafunk_ghost_abyssal_escape

Skill      XL: |  1  2  3  4  5  6 |
---------------+-------------------+-----
Polearms       | 5 6 |  6.0
Stealth        | 1 |  1.1
Armour         | 1 |  1.5
Fighting       | 3 |  3.3
Maces & Flails | 1 2 |  2.1
Dodging        | 5 |  5.3
Throwing       | |  2.3

Action                   |  1- 3 |  4- 6 || total
-------------------------+-------+-------++-------
Melee: Trident           |    94 |    30 ||   124
       Mace              |       |   321 ||   321
Throw: Throwing net      |       |     6 ||     6
  Use: Scroll            |       |     8 ||     8
       Potion            |       |     4 ||     4
 Stab: Distracted        |     1 |       ||     1
       Sleeping          |     2 |     2 ||     4
       Held in net/web   |       |     3 ||     3
  Eat: Chunk             |     2 |    11 ||    13
Armor: Leather armour    |    18 |   109 ||   127
Dodge: Dodged            |    59 |   374 ||   433
Block: Other             |       |    42 ||    42
